 Dungeon Crawl Stone Soup version 0.27.1-34-g3ba077fa99 (webtiles) character file.

Game seed: 13881695791704260258

21 Theotherone the Sneak (level 2, -3/12 (13) HPs)
             Began as a Spriggan Enchanter on Jan 16, 2022.
             Killed by divine providence
             ... invoked by an orc priest
              (12 damage)
             ... on level 2 of the Dungeon.
             The game lasted 00:03:38 (1872 turns).

Theotherone the Sneak (Spriggan Enchanter)          Turns: 1872, Time: 00:03:39

HP:   -3/12 (13)    AC:  2    Str:  4    XL:     2   Next: 62%
MP:   1/6           EV: 17    Int: 16    God:
Gold: 12            SH:  0    Dex: 15    Spells: 3/6 levels left

rFire    . . .     SeeInvis +   a - +1 dagger
rCold    . . .     Faith    .   (shield restricted)
rNeg     . . .     Spirit   .   b - +0 robe
rPois    .         Reflect  .   (helmet restricted)
rElec    .         Harm     .   (no cloak)
rCorr    .         Rampage  .   (gloves unavailable)
Will     .....                  (boots unavailable)
Stlth    +++.......             (no amulet)
HPRegen  0.04/turn              (no ring)
MPRegen  0.10/turn              (no ring)

@: drained, very quick
A: very small, no large weapons, unfitting armour, see invisible, speed 3,
MP-powered wands
a: no special abilities


You were on level 2 of the Dungeon.
You visited 1 branch of the dungeon, and saw 2 of its levels.

You collected 12 gold pieces.

Inventory:

Hand Weapons
 a - a +1 dagger (weapon)
Armour
 b - a +0 robe (worn)
Jewellery
 f - a ring of fire
Wands
 e - a wand of polymorph (8)
 h - a wand of iceblast (6)
Scrolls
 d - a scroll of magic mapping {unknown}
 g - a scroll of identify {unknown}


   Skills:
 - Level 1.1 Short Blades
 - Level 2.6 Dodging
 + Level 5.4 Stealth
 - Level 2.6 Spellcasting
 - Level 4.2 Hexes


You had 3 spell levels left.
You knew the following spells:

 Your Spells              Type           Power      Damage    Failure   Level
a - Corona                Hex            16%        N/A       3%          1
b - Ensorcelled Hibernat  Hex/Ice        16%        N/A       12%         2

Your spell library contained the following spells:

 Spells                   Type           Power      Damage    Failure   Level
 Confusing Touch          Hex            15%        N/A       11%         3
 Tukima's Dance           Hex            15%        N/A       11%         3
 Dazzling Flash           Conj/Hex       16%        N/A       24%         3


Dungeon Overview and Level Annotations

Branches:
Dungeon (2/15)

Altars:


Innate Abilities, Weirdness & Mutations

You are very small and have problems with some larger weapons.
You are too small for most types of armour.
You have supernaturally acute eyesight. (SInv)
You cover ground extremely quickly. (Speed+++)
You expend magic power (3 MP) to strengthen your wands.


Message History

You closely miss the orc wizard. You barely miss the orc.
You hit the orc but do no damage. The orc closely misses you.
You hit the orc.
The orc is moderately wounded.
The orc completely misses you.
You hit the orc but do no damage.
The orc is moderately wounded.
The orc barely misses you.
You hit the orc but do no damage.
The orc is moderately wounded.
The orc misses you.
It was a potion of mutation.
You feel extremely strange.
You feel your magical essence link to the dungeon's wands.
The orc completely misses you.
Casting: Ensorcelled Hibernation (safe; 12% risk of failure)
Confirm with . or Enter, or press ? or * to list all spells.
Aiming: Ensorcelled Hibernation (safe; 12% risk of failure)
Press: ? - help, Shift-Dir - straight line, f - orc, p - orc wizard
Aim: an orc, wielding a +0 flail and wearing a +0 scale mail (moderately wounded, chance to affect: 57%)
The orc looks drowsy...
The helpless orc fails to defend itself.
You impale the orc!!
You kill the orc!
Casting: Ensorcelled Hibernation (safe; 12% risk of failure)
Confirm with . or Enter, or press ? or * to list all spells.
You don't have enough magic to cast this spell.
You hit the orc wizard.
The orc wizard is lightly wounded.
The orc wizard barely misses you.
You closely miss the orc wizard.
The orc wizard is lightly wounded.
The orc wizard hits you with a +2 dagger of draining.
You feel drained.
You closely miss the orc wizard.
The orc wizard is lightly wounded.
The orc priest mumbles some strange prayers to Beogh against you.
Beogh smites you!
Ouch! That really hurt!
You die...

#.
#...#
#...#
#...#
##.##
#.#
#.####
#....#
####.#
#@#
#o#
#o#
#o#
#b#
#.#
#.#
#.#


You could see an orc priest, an orc wizard (invisible), an orc and a bat.

Vanquished Creatures
  2 orcs (D:2)
  2 ball pythons (D:1)
  A bat (D:2)
  4 endoplasms (D:1)
  A goblin (D:2)
  2 quokkas
  2 frilled lizards (D:1)
  3 rats
17 creatures vanquished.

Notes
Turn   | Place    | Note
-------+----------+-------------------------------------------
     0 | D:1      | Theotherone the Spriggan Enchanter began the quest for the
                  | Orb.
     0 | D:1      | Reached XP level 1. HP: 9/9 MP: 5/5
     2 | D:1      | Noticed a merfolk
     2 | D:1      | Noticed an ogre
     4 | D:1      | Noticed an octopode
     6 | D:1      | Noticed a demigod
     8 | D:1      | Noticed a felid
     8 | D:1      | Noticed an elf
    10 | D:1      | Noticed a draconian
    10 | D:1      | Noticed a minotaur
    12 | D:1      | Noticed a palentonga
    12 | D:1      | Noticed a naga
    14 | D:1      | Noticed a barachi
    16 | D:1      | Noticed a vine stalker
    16 | D:1      | Noticed a human
    18 | D:1      | Noticed a dwarf
    18 | D:1      | Noticed a troll
    20 | D:1      | Noticed a ghoul
    20 | D:1      | Noticed a demonspawn
    22 | D:1      | Noticed a djinni
    22 | D:1      | Noticed a tengu
    24 | D:1      | Noticed a formicid
    24 | D:1      | Noticed a spriggan
    26 | D:1      | Noticed a gargoyle
    26 | D:1      | Noticed a vampire
   415 | D:1      | Reached XP level 2. HP: 1/13 MP: 6/6
   418 | D:1      | Learned a level 2 spell: Ensorcelled Hibernation
   707 | D:1      | Reached skill level 5 in Stealth
  1867 | D:2      | Gained mutation: You expend magic power (3 MP) to
                  | strengthen your wands. [potion of mutation]
  1872 | D:2      | Killed from afar by an orc priest

Illustrated notes

Levels and vault maps discovered:
D:1:      kb_arrival_jail, layout_basic, grunt_decor_mini_mirrors,
          dk_noncrumbling_2
D:2:      layout_loops_ring

Skill      XL: |  1  2 |
---------------+-------+-----
Hexes          | 4 |  4.2
Stealth        | 5 |  5.4
Short Blades   | |  1.1
Dodging        | |  2.6
Spellcasting   | |  2.6

Action                   || total
-------------------------++-------
Melee: Dagger            ||    58
 Cast: Ensorcelled Hiber ||     8
  Use: Potion            ||     1
 Stab: Sleeping          ||    11
Armor: Robe              ||     1
Dodge: Dodged            ||    32
